 Dungeon Crawl Stone Soup version 0.27-a0-860-gaf99fae3ca (webtiles) character file.

Game seed: 18375719554064302007

2 jasper the Sneak (level 1, 0/18 HPs)
             Began as a Demonspawn Delver on Apr 1, 2021.
             Was a Follower of Uskayaw.
             Slain by a sky beast (3 damage)
             ... on level 6 of the Dungeon.
             The game lasted 00:00:40 (93 turns).

jasper the Sneak (Demonspawn Delver)                  Turns: 93, Time: 00:00:41

Health: 0/18       AC:  3    Str: 12    XL:     1   Next: 33%
Magic:  1/1        EV: 11    Int: 11    God:    Uskayaw [*.....]
Gold:   0          SH:  0    Dex: 14    Spells: 0/0 levels left

rFire    . . .     SeeInvis .   a - +0 falchion
rCold    . . .     Faith    .   (no shield)
rNeg     . . .     Spirit   .   b - +0 leather armour
rPois    .         Reflect  .   (no helmet)
rElec    .         Harm     .   (no cloak)
rCorr    .         Rampage  .   (no gloves)
Will     .....                  (no boots)
Stlth    ++........             (no amulet)
HPRegen  0.06/turn              (no ring)
MPRegen  0.07/turn              (no ring)

@: no status effects
A: no striking features
a: Renounce Religion, Stomp


You were on level 6 of the Dungeon.
You worshipped Uskayaw.
Uskayaw was noncommittal.
You visited 1 branch of the dungeon, and saw 2 of its levels.

Inventory:

Hand Weapons
 a - a +0 falchion (weapon)
Armour
 b - a +0 leather armour (worn)
Wands
 g - a wand of digging (3)
Scrolls
 c - a scroll of fog
 d - a scroll of magic mapping
Potions
 f - a potion of haste


   Skills:
 - Level 3.0 Fighting
 * Level 1.9 Long Blades
 + Level 0.2 Armour
 - Level 1.7 Dodging
 - Level 4.5 Stealth


You couldn't memorise any spells.
You didn't know any spells.
Your spell library was empty.

Dungeon Overview and Level Annotations

Branches:
Dungeon (6/15)
 Temple: D:4-7

Altars:
Uskayaw


Message History

The river rat bites you.
You take 5 damage, and have 13/18 hp.
MASSIVE DAMAGE!!
You hit the river rat.
The river rat is lightly wounded.
The river rat barely misses you.
You riposte.
You hit the river rat but do no damage. You hit the river rat.
The river rat is moderately wounded.
The river rat barely misses you.
You closely miss the river rat.
The river rat is moderately wounded.
The river rat closely misses you.
You hit the river rat but do no damage.
The river rat is moderately wounded.
The river rat bites you. x2
You take 4 damage, and have 9/18 hp.
MASSIVE DAMAGE!!
You closely miss the river rat.
The river rat is moderately wounded.
The river rat bites you!
* * * LOW HITPOINT WARNING * * *
You take 6 damage, and have 3/18 hp.
MASSIVE DAMAGE!!
You barely miss the river rat.
The river rat is moderately wounded.
The river rat closely misses you.
Okay, then.
Unknown command.
Unknown command.
As you read the scroll of fear, it crumbles to dust.
You assume a fearsome visage.
The river rat looks frightened!
The rat looks frightened!
As you read the scroll labelled METOITO QU ANO, it crumbles to dust.
You feel strangely unstable.
It was a scroll of teleportation.
You enter the shallow water.
Moving in this stuff is going to be slow.
Your surroundings suddenly seem different.
An adder comes into view.
The adder hisses angrily.
A wyvern zombie comes into view.
The sky beast hits you.
You die...

### #.# #.##
#@.# #...Y...#
#..........S.
#.......Z.....
#........$##..
######.##.. .
..# #.. .##
##.


You could see a sky beast, an adder and a wyvern zombie.

Vanquished Creatures
  2 quokkas (D:6)
2 creatures vanquished.

Notes
Turn   | Place    | Note
-------+----------+-------------------------------------------
     0 | D:5      | jasper the Demonspawn Delver began the quest for the Orb.
     0 | D:5      | Reached XP level 1. HP: 18/18 MP: 1/1
     2 | D:5      | Found a hide-covered altar of Uskayaw.
    10 | D:5      | Became a worshipper of Uskayaw the Reveller
    22 | D:6      | Noticed a hound
    72 | D:6      | Reached * piety under Uskayaw
    93 | D:6      | Noticed a wyvern zombie
    93 | D:6      | Slain by a sky beast

Illustrated notes

Levels and vault maps discovered:
D:5:      layout_loops_ring, nicolae_wu_jian_immortal_techniques,
          nicolae_overflow_hidden_temple, nicolae_tso_swordbearing_angel,
          serial_shops, kennysheep_little_box, kennysheep_generic_room_3,
          uniq_prince_ribbit1, uniq_grinder, uniq_duvessa
D:6:      layout_rooms, gup_sewer_entry_spiral

Action                   || total
-------------------------++-------
Melee: Falchion          ||     9
  Use: Scroll            ||     2
 Stab: Sleeping          ||     2
Dodge: Dodged            ||     6
       Rpst.: Falchion   ||     1

Table legend: (Time is in decaauts)
 A = Elapsed time spent in this place.
 B = Non-inter-level travel time spent in this place.
 C = Inter-level travel time spent in this place.
 D = Time resting spent in this place.
 E = Time spent auto-exploring this place.
 F = Levels seen in this place.
 G = Mean time per level.
                   A        B        C        D        E       F      G
               +--------+--------+--------+--------+--------+-----+--------+
         Total |    105 |     95 |     10 |      0 |      0 |   2 |   52.5 |
       Dungeon |    105 |     95 |     10 |      0 |      0 |   2 |   52.5 |
               +--------+--------+--------+--------+--------+-----+--------+

Top non-repeatable levels by time:
     D:6: 83 daAuts
     D:5: 22 daAuts
